 Dungeon Crawl Stone Soup version 0.14-a0-3247-g5fd345f (webtiles) character file.

2486 Bloax the Martial Artist (level 9, -12/46 HPs)
             Began as a Vine Stalker Monk on Mar 12, 2014.
             Mangled by a red ugly thing (16 damage)
             ... on Level 8 of the Dungeon.
             The game lasted 00:14:19 (2301 turns).

Bloax the Martial Artist (Vine Stalker Monk)        Turns: 2301, Time: 00:14:19

HP -12/46        AC  8     Str 14      XL: 9   Next: 38%
MP   0/23        EV  9     Int 10      God:
Gold 227         SH 17     Dex 22      Spells:  0 memorised, 18 levels left

rFire  x . .     SeeInvis .       - Unarmed
rCold  + . .     Clarity  .     n - +0 ring mail
rNeg   . . .     Conserve .     q - +0 shield
rPois  .         rCorr    .     (no helmet)
rElec  .         rRot     +     a - +2 cloak
SustAb . .       Spirit   +     (no gloves)
rMut   .         Warding  .     (no boots)
Saprov . . .     Stasis   .     (no amulet)
MR     +....                    j - ring of ice
                                i - +2 ring of dexterity

@: somewhat resistant to hostile enchantments, fairly stealthy
A: fangs 3, regeneration 2, magic shield, antimagic bite, no device heal
a: no special abilities


You were on level 8 of the Dungeon.
You were not hungry.

You visited 2 branches of the dungeon, and saw 9 of its levels.

You collected 227 gold pieces.


Innate Abilities, Weirdness & Mutations

You have razor-sharp teeth.
You heal very quickly.
When hurt, damage is shared between your health and your magic reserves.
Your bite disrupts and absorbs the magic of your enemies.
Potions and wands cannot restore your HP.


   Skills:
 - Level 4.7 Fighting
 + Level 4.4 Dodging
 - Level 2.4 Stealth
 + Level 1.5 Shields
 * Level 9.6 Unarmed Combat
 - Level 5.2 Spellcasting


You had 18 spell levels left.
You didn't know any spells.

Dungeon Overview and Level Annotations

Branches:
Dungeon (9/15)             Temple (1/1) D:6
    Orc: D:9-12        Lair: D:8-11

Altars:
Ashenzari
Dithmenos
Fedhas
Makhleb
Nemelex Xobeh
Okawaru
Sif Muna
Vehumet
Xom
Yredelemnul

Shops:
D:6 (

Inventory:

Missiles
 o - a dart (quivered)
Armour
 a - a +2 cloak (worn)
   (You took it off Crazy Yiuf on level 6 of the Dungeon)
 e - a +0 scale mail
   (You found it on level 8 of the Dungeon)
 l - a +0 large shield
   (You found it on level 7 of the Dungeon)
 n - a +0 ring mail (worn)
   (You found it on level 4 of the Dungeon)
 q - a +0 shield (worn)
   (You found it on level 7 of the Dungeon)
Magical devices
 g - a wand of magic darts (15)
   (You took it off Crazy Yiuf on level 6 of the Dungeon)
 h - a wand of disintegration (11)
   (You found it on level 7 of the Dungeon)
Comestibles
 b - 6 bread rations
 f - 2 pears
 p - a meat ration
Scrolls
 c - 2 scrolls of teleportation
 d - 5 scrolls of identify
 m - a scroll of remove curse
Jewellery
 i - a +2 ring of dexterity (left hand)
   (You found it on level 3 of the Dungeon)
 j - a ring of ice (right hand)
   (You found it on level 7 of the Dungeon)
Potions
 k - 4 potions of curing

#.# #....# #.# ##.##
###.####.## ... #...<...#
#.# #####.......#
##'###...........#
#...........###..#
#.####...##%# #..# #.#
#{g.##.# #..# #.# #@..##<#
#..# #.# #(u.##.###..####
#######.####...##.........#
...##...#..c..######..##.#
#.##...#.#......u....# #
#..C.....###.######.##
####.#######.######.#
.#######c###.........##.#
...(..............##.##u#


You could see a red ugly thing, a centaur and a hobgoblin.


Message History

The adder barely misses you.
You closely miss the adder.
The adder is almost dead.
The sky beast hits you but does no damage.
The adder bites you.
You are more poisoned.
The adder poisons you!
You barely miss the adder. You bite the adder. You drain its power.
You feel invigorated.
You kill the adder!
You feel sick.
The sky beast hits you but does no damage.
You miss the adder. You block the adder's attack.
The sky beast closely misses you.
You punch the adder! You bite the adder. You drain its power.
You kill the adder!
You feel a little less clever now.
You feel sick. The sky beast closely misses you.
You hit the adder.
The adder is moderately wounded.
The adder bites you but does no damage. The sky beast closely misses you.
The adder barely misses you.
You barely miss the adder.
The adder is moderately wounded.
You feel sick. The adder bites you but does no damage.
The sky beast misses you.
You punch the adder!
You kill the adder!
The sky beast hits you but does no damage.
You feel sick.
You feel sick.
You feel sick.
The sky beast flickers out of sight!
You feel sick.
You feel sick.
A sky beast appears from thin air!
Reactivating autopickup.
You feel sick.
The sky beast flickers out of sight!
Deactivating autopickup; reactivate with Ctrl-A.
You feel sick.
The hobgoblin shouts!
A sky beast appears from thin air!
Reactivating autopickup.
The sky beast flickers out of sight!
Deactivating autopickup; reactivate with Ctrl-A.
You block the hobgoblin's attack.
The centaur unwields an uncursed quarterstaff.
The centaur wields a bow.
The centaur shoots an arrow.
The arrow hits you! The hobgoblin closely misses you.
You feel sick.
The centaur shoots an arrow.
You block the arrow.
The centaur shoots an arrow.
The arrow hits you!
You see here an arrow.
Something hits you. Something shocks you!
There is a stone staircase leading down here.
The hobgoblin hits you but does no damage.
You climb downwards.
Found a snozzcumber.
There is a stone staircase leading up here.
You feel sick.
You are no longer poisoned.
You climb upwards.
The centaur shoots an arrow.
You block the arrow. The red ugly thing engulfs you.
* * * LOW HITPOINT WARNING * * *
You are engulfed in flames!
The fire burns you terribly!
* * * LOW HITPOINT WARNING * * *
The red ugly thing engulfs you.
* * * LOW HITPOINT WARNING * * *
You are engulfed in flames!
The fire burns you terribly!
You die...

Action                   |  1- 3 |  4- 6 |  7- 9 || total
-------------------------+-------+-------+-------++-------
Melee: Unarmed           |    62 |    30 |   244 ||   336
Throw: Dart              |       |       |     1 ||     1
Evoke: Wand              |       |       |     3 ||     3
  Use: Scroll            |     3 |       |     6 ||     9
       Potion            |     1 |       |     2 ||     3
 Stab: Sleeping          |     1 |       |     2 ||     3
       Distracted        |       |       |     1 ||     1

Vault maps used:
D:1:      minmay_arrival_diagonal_passages
D:2:      item_on_display_a
D:3:      minivault_27
D:4:      good_gods_mini_temple, general_overflow_altar, cheibrodos_gnoll_hut
D:6:      minmay_flawed_box, minitemple, minmay_temple_entry_statues_pillars,
          serial_shops, shop, uniq_crazy_yiuf_cottage
D:7:      basic_altar, the_bakery, xom_redecorated, uniq_blork_the_orc
D:8:      hangedman_cross_veins
D:9:      corexii_shack_village, erik_orc_2
Temple:   chambers_temple_10

Notes
Turn   | Place    | Note
--------------------------------------------------------------
     0 | D:1      | Bloax, the Vine Stalker Monk, began the quest for the Orb.
     0 | D:1      | Reached XP level 1. HP: 11/11 MP: 1/1
   245 | D:2      | Reached skill level 1 in Spellcasting
   288 | D:2      | Reached XP level 2. HP: 16/16 MP: 4/4
   430 | D:3      | HP: 2/16 [hobgoblin/club (5)]
   446 | D:3      | HP: 4/16 [hobgoblin/club (1)]
   470 | D:3      | Reached XP level 3. HP: 11/19 MP: 6/6
   638 | D:4      | Reached skill level 2 in Spellcasting
   638 | D:4      | Reached XP level 4. HP: 21/23 MP: 7/9
   641 | D:4      | Reached skill level 5 in Unarmed Combat
   655 | D:4      | You fall through a shaft!
   655 | D:7      | Noticed a hippogriff
   655 | D:7      | Noticed a centaur
   663 | D:7      | Killed a hippogriff
   663 | D:7      | Reached skill level 3 in Spellcasting
   663 | D:7      | Reached XP level 5. HP: 15/27 MP: 8/14
   663 | D:7      | Gained mutation: You heal very quickly. [vine stalker growth]
   663 | D:7      | Reached XP level 6. HP: 17/32 MP: 9/16
   683 | D:7      | Reached skill level 4 in Spellcasting
   689 | D:7      | Noticed a hungry ghost
   693 | D:7      | Killed a hungry ghost
   693 | D:7      | Reached skill level 6 in Unarmed Combat
   747 | D:8      | Reached XP level 7. HP: 27/35 MP: 14/19
   795 | D:8      | HP: 7/35 [ice beast (3)]
   820 | D:8      | Reached skill level 5 in Spellcasting
   924 | D:7      | Noticed Blork the orc
   929 | D:7      | Killed Blork the orc
   937 | D:7      | Found a shimmering altar of Xom.
   948 | D:7      | Noticed an ogre
   949 | D:7      | Found a shimmering altar of Xom.
   999 | D:7      | Noticed a hungry ghost
  1008 | D:7      | Killed a hungry ghost
  1008 | D:7      | Reached skill level 3 in Fighting
  1008 | D:7      | Reached skill level 7 in Unarmed Combat
  1186 | D:6      | Gained mutation: You have razor-sharp teeth. [vine stalker growth]
  1186 | D:6      | Reached XP level 8. HP: 27/40 MP: 15/21
  1191 | D:6      | Reached skill level 3 in Dodging
  1255 | D:6      | Found Cuasch's Weapon Shoppe.
  1305 | D:6      | Noticed a hippogriff
  1316 | D:6      | Killed a hippogriff
  1316 | D:6      | Reached skill level 8 in Unarmed Combat
  1351 | D:6      | Reached skill level 4 in Fighting
  1453 | D:6      | Noticed Crazy Yiuf
  1458 | D:6      | Killed Crazy Yiuf
  1567 | D:6      | Found a staircase to the Ecumenical Temple.
  1581 | Temple   | Entered the Ecumenical Temple
  1849 | D:7      | Found an iron altar of Okawaru.
  1901 | D:7      | Noticed a spriggan baker
  1903 | D:7      | Killed an ogre
  1903 | D:7      | Reached skill level 4 in Dodging
  1903 | D:7      | Reached XP level 9. HP: 40/46 MP: 23/23
  1911 | D:7      | Killed a spriggan baker
  1911 | D:7      | Reached skill level 9 in Unarmed Combat
  2003 | D:7      | Killed a centaur
  2060 | D:7      | Noticed an orc warrior
  2077 | D:7      | Killed an orc warrior
  2188 | D:8      | Reached skill level 1 in Shields
  2220 | D:8      | Noticed a five-headed hydra
  2228 | D:8      | Noticed a red ugly thing
  2231 | D:8      | Noticed a hill giant
  2301 | D:8      | HP: 7/46 [red ugly thing (16)]
  2301 | D:8      | Mangled by a red ugly thing

Vanquished Creatures
  A spriggan (D:7)
  2 hungry ghosts (D:7)
  2 hippogriffs
  An ice beast (D:8)
  An orc warrior (D:7)
  2 phantoms
  A centaur (D:7)
  3 ogres
  Blork the orc (D:7)
  A scorpion (D:6)
  A troll zombie (D:7)
  A crimson imp (Temple)
  3 hounds
  A jelly (D:6)
  Crazy Yiuf (D:6)
  An orc priest (D:6)
  An iguana (D:7)
  3 worker ants (D:6)
  12 orc wizards
  A hound zombie (D:7)
  A gnoll (D:4)
  6 adders
  An adder skeleton (D:8)
  An ooze (D:1)
  7 orcs
  A hobgoblin (D:3)
  6 jackals
  4 kobolds
  3 bats
  A giant spore (D:7)
  3 goblins
  A hobgoblin skeleton (D:8)
  An orc skeleton (D:7)
  2 quokkas (D:7)
  3 rats
  6 ballistomycetes (D:7)
87 creatures vanquished.

Vanquished Creatures (others)
  A giant spore (D:8)
1 creature vanquished.

Grand Total: 88 creatures vanquished
